 Dungeon Crawl Stone Soup version 0.23-a0-767-gdc19b93d68 (webtiles) character file.

729068 Oravi the Slayer (level 27, -16/288 HPs)
             Began as a Formicid Arcane Marksman on Jan 24, 2019.
             Was the Champion of Okawaru.
             Demolished by an Orb Guardian (21 damage)
             ... on level 5 of the Realm of Zot on Jan 25, 2019.
             The game lasted 11:46:40 (97742 turns).

Oravi the Slayer (Formicid Arcane Marksman)        Turns: 97742, Time: 11:46:40

Health: -16/288    AC: 30    Str: 17    XL:     27
Magic:  22/33      EV: 25    Int: 28    God:    Okawaru [******]
Gold:   6253       SH:  0    Dex: 18    Spells: 17/68 levels left

rFire    + + .     SeeInvis +   b - +9 executioner's axe (chop)
rCold    + . .     Gourm    .   (no shield)
rNeg     + + .     Faith    .   (armour currently unavailable)
rPois    ∞         Spirit   .   (helmet unavailable)
rElec    +         Reflect  .   O - +2 cloak "Nadif" {rF+}
rCorr    .         Harm     .   (gloves currently unavailable)
MR       ++++.                  (boots currently unavailable)
Stlth    ++........             M - amulet of Okawaru's Anger {RegenMP MR+ Int+2 Dex+8}
HPRegen  0.00/turn              c - ring "Axeum" {rF+ rC+ Dex+3}
MPRegen  0.48/turn              n - ring of Reimbursement {-Tele rN+ Str+2 Int+2}

@: statue-form, very slow
A: permanent stasis, dig shafts and tunnels, four strong arms, antennae 3,
repulsion field 1, clumsy 2, deformed body, deterioration 2, frail 1, low mp 3,
magic resistance 1, screaming 2, inhibited regeneration, weak 1, subdued magic
2, sturdy frame 1
}: 4/15 runes: serpentine, barnacled, slimy, silver
a: Dig, Shaft Self, End Transformation, Heroism, Finesse, Renounce Religion


You were on level 5 of the Realm of Zot.
You worshipped Okawaru.
Okawaru was exalted by your worship.
You were not hungry.
You were a stone statue.
You visited 12 branches of the dungeon, and saw 58 of its levels.
You also visited: Trove.

You collected 7259 gold pieces.
You spent 1006 gold pieces at shops.

Inventory:

Hand Weapons
 a - a +4 fustibalus of flaming
 b - a +9 executioner's axe of chopping (weapon)
Missiles
 g - 920 sling bullets
 h - 191 stones (quivered)
 p - 1806 arrows
 D - 7 throwing nets {!f}
 F - 8 needles of confusion
Armour
 q - the +5 pair of gloves "Salluomu" {-Cast rElec rPois Stlth+}
   (You found it on level 1 of the Realm of Zot)

   It insulates you from electricity.
   It protects you from poison.
   It prevents spellcasting.
   It makes you more stealthy.
 G - a +2 large shield of protection
 O - the +2 cloak "Nadif" (worn) {rF+}
   (Okawaru gifted it to you on level 4 of the Snake Pit)

   It protects you from fire.
 P - the +0 cloak of the Bull {rF+ MR+ Str+3 Dex-3}
   (Okawaru gifted it to you on level 5 of the Realm of Zot)

   It affects your strength (+3).
   It affects your dexterity (-3).
   It protects you from fire.
   It affects your resistance to hostile enchantments.
 S - a +1 pair of boots of flying
 V - a +2 pair of boots of running (melded)
 W - a +8 large shield of reflection
 X - a +0 pair of gloves of archery (melded)
 Y - the +6 scale mail "Uboovvej" {rF+ rN++ rCorr}
   (Okawaru gifted it to you on level 5 of the Realm of Zot)

   It protects you from fire.
   It greatly protects you from negative energy.
   It provides partial protection from all sources of acid and corrosion.
 Z - quicksilver dragon scales (melded)
Jewellery
 c - the ring "Axeum" (left hand) {rF+ rC+ Dex+3}
   (You acquired it on level 10 of the Dungeon)

   [ring of protection from fire]

   It affects your dexterity (+3).
   It protects you from fire.
   It protects you from cold.
 n - the ring of Reimbursement (right hand) {-Tele rN+ Str+2 Int+2}
   (You found it on level 3 of the Shoals)

   [ring of intelligence]

   It affects your strength (+2).
   It affects your intelligence (+2).
   It protects you from negative energy.
   It prevents most forms of teleportation.
 x - an uncursed ring of protection from cold
 E - an uncursed ring of protection from fire
 I - an uncursed ring of resist corrosion
 M - the amulet of Okawaru's Anger (around neck) {RegenMP MR+ Int+2 Dex+8}
   (You took it off a deep elf knight on level 3 of the Elven Halls)

   [amulet of magic regeneration]

   It increases your magic regeneration.
   It affects your intelligence (+2).
   It affects your dexterity (+8).
   It affects your resistance to hostile enchantments.
Wands
 d - a wand of paralysis (9)
 u - a wand of flame (9)
 y - a wand of random effects (37)
 A - a wand of disintegration (18)
 L - a wand of digging (7)
 N - a wand of clouds (6)
Scrolls
 j - 7 scrolls of summoning
 o - a scroll of amnesia
 r - 30 scrolls of remove curse {@r2}
 s - 31 scrolls of identify {@r1}
 v - 16 scrolls of fog
 B - 3 scrolls of holy word
 H - 3 scrolls of fear
 J - 7 scrolls of magic mapping
 R - a scroll of enchant armour
 T - a scroll of brand weapon {unknown}
Potions
 e - 7 potions of might
 i - 3 potions of resistance
 k - 7 potions of cancellation
 l - 5 potions of flight
 m - 7 potions of agility
 t - 23 potions of curing {@q1}
 w - 7 potions of brilliance
 z - 12 potions of heal wounds
 C - 3 potions of invisibility
 K - 3 potions of ambrosia
 Q - 4 potions of magic
Comestibles
 f - 46 rations
 U - 3 chunks of flesh


   Skills:
 + Level 26.6 Fighting
 - Level 22.0 Axes
 - Level 14.0 Slings
 - Level 10.0 Armour
 + Level 14.0 Dodging
 + Level 19.7 Shields
 * Level 21.0 Spellcasting
 - Level 14.0 Hexes
 - Level 5.0 Summonings
 - Level 9.0 Necromancy
 - Level 4.0 Translocations
 - Level 13.5 Transmutations
 - Level 3.2 Air Magic
 - Level 10.1 Earth Magic
 - Level 7.0 Invocations


You had 17 spell levels left.
You knew the following spells:

 Your Spells              Type           Power        Failure   Level  Hunger
a - Borgnjor's Vile Clut  Necr/Erth      ######....   1%          5    None
b - Confuse               Hex            ######..     0%          3    None
c - Portal Projectile     Hex/Tloc       #####.       1%          3    None
d - Cause Fear            Hex            ######....   0%          4    None
e - Inner Flame           Hex/Fire       #####...     1%          3    None
f - Silence               Hex/Air        #####.....   1%          5    None
g - Statue Form           Tmut/Erth      ######...    1%          6    None
h - Invisibility          Hex            ######..     1%          6    None
i - Passage of Golubria   Tloc           N/A          1%          4    None
j - Lesser Beckoning      Tloc           ####......   1%          3    None
k - Aura of Abjuration    Summ           #####.....   2%          5    None
r - Regeneration          Chrm/Necr      ####......   1%          3    None
A - Apportation           Tloc           ####..       1%          1    None

Your spell library contained the following spells:

 Spells                   Type           Power        Failure   Level  Hunger
 Animate Skeleton         Necr           N/A          0%          1    None
 Confusing Touch          Hex            ######       0%          1    None
 Corona                   Hex            ######.      0%          1    None
 Pain                     Necr           ####         0%          1    None
 Sandblast                Erth           ######       0%          1    None
 Corpse Rot               Necr           N/A          0%          2    None
 Passwall                 Tmut/Erth      ######..     0%          2    None
 Slow                     Hex            ######..     0%          2    None
 Sublimation of Blood     Necr           #####.....   0%          2    None
 Tukima's Dance           Hex            ######..     0%          3    None
 Flame Tongue             Conj/Fire      ###..        1%          1    None
 Freeze                   Ice            ###.         1%          1    None
 Infusion                 Chrm           ###.         1%          1    None
 Magic Dart               Conj           ###.         1%          1    None
 Sting                    Conj/Pois      ###.         1%          1    None
 Summon Butterflies       Summ           #####...     1%          1    None
 Summon Small Mammal      Summ           ####         1%          1    None
 Call Imp                 Summ           #####...     1%          2    None
 Ensorcelled Hibernation  Hex/Ice        #####.       1%          2    None
 Poisonous Vapours        Pois/Air       ###...       1%          2    None
 Shroud of Golubria       Chrm/Tloc      ####......   1%          2    None
 Song of Slaying          Chrm           ###.....     1%          2    None
 Swiftness                Chrm/Air       ###.....     1%          2    None
 Throw Flame              Conj/Fire      ###...       1%          2    None
 Throw Frost              Conj/Ice       ###...       1%          2    None
 Call Canine Familiar     Summ           #####...     1%          3    None
 Conjure Flame            Conj/Fire      ###.....     1%          3    None
 Gell's Gravitas          Tloc           ####......   1%          3    None
 Ignite Poison            Fire/Tmut/Pois ####....     1%          3    None
 Mephitic Cloud           Conj/Pois/Air  ###.....     1%          3    None
 Ozocubu's Armour         Chrm/Ice       ###.....     1%          3    None
 Recall                   Summ/Tloc      N/A          1%          3    None
 Spectral Weapon          Hex/Chrm       #####...     1%          3    None
 Spider Form              Tmut/Pois      #####.....   1%          3    None
 Static Discharge         Conj/Air       ###.....     1%          3    None
 Stone Arrow              Conj/Erth      #####.       1%          3    None
 Summon Guardian Golem    Hex/Summ       ######..     1%          3    None
 Teleport Other           Tloc           ####....     1%          3    None
 Vampiric Draining        Necr           #####.....   1%          3    None
 Airstrike                Air            ####......   1%          4    None
 Animate Dead             Necr           N/A          1%          4    None
 Leda's Liquefaction      Hex/Erth       ######....   1%          4    None
 Petrify                  Tmut/Erth      ######..     1%          4    None
 Summon Lightning Spire   Summ/Air       ####....     1%          4    None
 Agony                    Necr           #####...     1%          5    None
 Alistair's Intoxication  Tmut/Pois      #####...     1%          5    None
 Dispel Undead            Necr           #####...     1%          5    None
 Irradiate                Conj/Tmut      #####.....   1%          5    None
 Lee's Rapid Deconstruct  Erth           ######....   1%          5    None
 Metabolic Englaciation   Hex/Ice        #####.....   1%          5    None
 Summon Mana Viper        Hex/Summ       ######..     1%          5    None
 Yara's Violent Unravell  Hex/Tmut       ######....   1%          5    None
 Darkness                 Hex            ######....   1%          6    None
 Hydra Form               Tmut           ######....   1%          6    None
 Summon Ice Beast         Ice/Summ       ####....     2%          4    None
 Summon Demon             Summ           #####.....   2%          5    None
 Dragon Form              Tmut           ######....   2%          7    ###....
 Force Lance              Conj/Tloc      ####....     3%          4    None
 Bolt of Draining         Conj/Necr      ####......   3%          5    None
 Excruciating Wounds      Chrm/Necr      ####......   3%          5    None
 Summon Forest            Summ/Tloc      ####......   3%          5    None
 Bolt of Magma            Conj/Fire/Erth ####......   5%          5    None
 Olgreb's Toxic Radiance  Pois           ###.....     9%          4    None
 Sticky Flame             Conj/Fire      ###.....     9%          4    None
 Throw Icicle             Conj/Ice       ###.....     9%          4    None
 Lightning Bolt           Conj/Air       ###.......   13%         5    None
 Iron Shot                Conj/Erth      #####.....   19%         6    None
 Shadow Creatures         Summ           N/A          19%         6    None
 Fireball                 Conj/Fire      ###.......   26%         5    None
 Iskenderun's Battlesphe  Conj/Chrm      ###.....     26%         5    None
 Venom Bolt               Conj/Pois      ###.......   26%         5    None
 Dispersal                Tloc           ####......   28%         6    None
 Conjure Ball Lightning   Conj/Air       ###.......   63%         6    None
 Deflect Missiles         Chrm/Air       ###.......   63%         6    None
 Freezing Cloud           Conj/Ice/Air   ###.......   71%         6    None
 Summon Hydra             Summ           #####.....   73%         7    ###....
 Bolt of Cold             Conj/Ice       ###.......   85%         6    None
 Bolt of Fire             Conj/Fire      ###.......   85%         6    None
 Ring of Flames           Chrm/Fire      ###.......   100%        7    ###....
 Death's Door             Chrm/Necr      ####......   100%        8    #####..
 Disjunction              Tloc           ####......   100%        8    #####..
 Ignition                 Fire           ###.......   100%        8    #####..
 Dragon's Call            Summ           #####.....   100%        9    ######.
 Shatter                  Erth           ######....   100%        9    ######.
 Tornado                  Air            ####......   100%        9    ######.
 Blink                    Tloc           Unusable     N/A         2    N/A
 Controlled Blink         Tloc           Unusable     N/A         8    N/A

Dungeon Overview and Level Annotations

Branches:
Dungeon (15/15)            Temple (1/1) D:4            Lair (6/6) D:10
 Shoals (4/4) Lair:2        Snake (4/4) Lair:3        Slime (5/5) Lair:6
    Orc (2/2) D:10            Elf (3/3) Orc:2        Vaults (5/5) D:13
  Crypt (3/3) Vaults:2       Tomb (0/3) Crypt:3      Depths (5/5) D:15
    Zot (5/5) Depths:5

Altars:
Ashenzari
Dithmenos
Elyvilon
Fedhas
Gozag
Hepliaklqana
Kikubaaqudgha
Makhleb
Nemelex Xobeh
Okawaru
Qazlal
Ru
Sif Muna
Trog
Uskayaw
Vehumet
Wu Jian
Xom
Yredelemnul
Zin
The Shining One
Beogh
Lugonu

Shops:
D:6 *   D:7 [   D:9 *   D:11 (   Orc:1 :   Orc:2 %((%   Elf:2 (   Elf:3 (
Shoals:2 !   Snake:3 }   Vaults:1 :(   Depths:1 [*   Depths:3 =   Depths:4 (=

Portals:
Hell: Depths:1 Depths:2 Depths:3 Depths:4 Depths:5
Abyss: Depths:3 Depths:4 Depths:5
Pandemonium: Depths:3
Ziggurat: Depths:5

Annotations:
D:8 1 exclusion


Innate Abilities, Weirdness & Mutations

You cannot be hasted, slowed, berserked, paralysed or teleported.
You can dig through walls and to a lower floor.
Your four strong arms can wield two-handed weapons with a shield.
You have a pair of large antennae on your head. (SInv)
You are surrounded by a mild repulsion field. (EV +2)
((You are partially covered in slimy green scales. (AC +2)))
You are very clumsy. (Dex -4)
Armour fits poorly on your strangely shaped body.
Your body often deteriorates upon taking damage.
You are frail. (-10% HP)
Your magical capacity is extremely low. (-30% MP)
You are resistant to hostile enchantments. (MR+)
You sometimes yell uncontrollably at your foes.
You do not regenerate when monsters are visible.
You are weak. (Str -2)
Your spells are easier to cast, but less powerful.
Your movements are slightly less encumbered by armour. (ER -2)


Message History

The Orb Guardian hits you.
* * * LOW HITPOINT WARNING * * *
The Orb Guardian hits you!!
* * * LOW HITPOINT WARNING * * *
You chop the Orb Guardian into pieces!!!
You kill the Orb Guardian!
Okawaru accepts your kill.
You feel your intelligence returning.
Your Spellcasting skill increases to level 21!
You hit the Orb Guardian but do no damage.
You hit the Orb Guardian.
You are no longer teleporting projectiles to their destination.
The zombie hands constrict the Orb Guardian!
The zombie hands constrict the Orb Guardian.
The Orb Guardian hits you!
* * * LOW HITPOINT WARNING * * *
The Orb Guardian misses you. The Orb Guardian hits you!
* * * LOW HITPOINT WARNING * * *
The Orb Guardian hits you!!
You die...

* **,,,,,,,,,,,,,,,,,,, *
********* ▓..........^,,,,,,,,,
***,,,,,,.▓*▓...........,,,,,,,,,
**,,,,,,,..▓▓.......^....,,,,,,,,
*,,,,,,,,...▓..^.................
,,,,,,,,,,,....................?.
*,,,,,,,,,,,▓..................^.
**,,,,,,,,,*▓.(X.................
***,,,,,,,**▓^.X8................
* ********* #..................^.
* ##...................
##▓.................
▓▓▓▓...^..........
#▓▓▓▓▓▓▓▓▓▓▓##8...8 #
###......^........... ##
##..).##..............
.###########...###...).......^...


You could see 2 Orb Guardians.

Vanquished Creatures
  the Royal Jelly (Slime:5)
  12 orbs of fire
  Mennas (Vaults:5)
  5 ancient liches
  A juggernaut (Depths:5)
  Sojobo (Vaults:2)
  Boris (Crypt:1)
  Frederick (Vaults:5)
  2 Killer Klowns (Zot:5)
  5 curse toes
  Saint Roka (Vaults:3)
  A caustic shrike (shapeshifter) (Depths:2)
  The ghost of Bedytzil the Black Belt, a veteran GnSk of Okawaru (Vaults:1)
  Jory (Vaults:2)
  5 golden dragons
  4 electric golems
  9 liches
  Rupert (D:12)
  15 tentacled monstrosities
  The ghost of Neal the Pandemonic, an adept DDFi of Makhleb (Vaults:1)
  2 deep elf blademasters (Elf:3)
  16 Orb Guardians
  A titan (shapeshifter) (Depths:2)
  The ghost of Tosmoog the Bludgeoner, an adept MiBe of Trog (Shoals:3)
  A deep elf master archer (Elf:3)
  5 quicksilver dragons
  7 titans
  23 acid blobs
  10 death cobs
  2 sphinxes
  13 tengu reavers
  8 ancient champions
  8 shadow dragons
  14 storm dragons
  2 revenants
  10 azure jellies
  2 draconian monks
  Ilsuiw (Shoals:2)
  The ghost of Tinttamiau the Grappler, a journeyman TrFi of Kikubaaqudgha (D:15)
  6 nagarajas (Snake:4)
  A ghost moth (shapeshifter) (D:13)
  2 iron dragons
  7 frost giants
  10 fire giants
  2 ghost moths
  4 draconian knights
  The ghost of Fecy the Grappler, a journeyman TrBe of Trog (Snake:1)
  A draconian scorcher (Zot:1)
  19 vault wardens
  10 deep elf sorcerers
  3 orc warlords
  6 deep elf elementalists
  7 draconian annihilators
  4 draconian shifters
  Louise (Elf:1)
  3 ghouls (Crypt:3)
  3 curse skulls
  14 ironheart preservers
  A spriggan defender (Depths:4)
  5 draconian stormcallers
  2 entropy weavers
  17 very ugly things
  A war gargoyle (Vaults:5)
  7 green draconians
  6 vampire knights
  8 black draconians
  17 stone giants
  3 spark wasps
  6 deep elf demonologists
  9 deep elf annihilators
  A minotaur (shapeshifter) (Depths:2)
  7 purple draconians
  11 white draconians
  12 yellow draconians
  12 red draconians
  6 merfolk javelineers
  11 death oozes
  2 blizzard demons (Depths:2)
  3 eidola
  9 merfolk impalers
  17 ettins
  11 crystal guardians (Depths:2)
  A quicksilver dragon zombie (Crypt:3)
  19 yaktaur captains
  6 deep elf death magi
  6 fire dragons
  Fannar (Lair:3)
  9 jiangshi
  A deep elf high priest (Vaults:5)
  18 naga warriors
  16 great orbs of eyes
  7 ice dragons
  35 vault guards
  9 rakshasas
  6 spriggan air magi
  3 anacondas
  37 two-headed ogres
  3 hydras
  2 alligator snapping turtles (Shoals:4)
  4 merfolk avatars
  11 centaur warriors
  A two-headed ogre (shapeshifter) (Vaults:4)
  A catoblepas (D:13)
  3 merfolk aquamancers
  41 dancing weapons
  8 death yaks
  10 ogre magi
  10 deep troll shamans
  4 tengu warriors
  2 satyrs
  9 deep troll earth magi
  7 death knights
  A small abomination (Elf:2)
  4 shock serpents
  7 spriggan berserkers
  8 orc high priests
  A spriggan (Depths:5)
  24 deep elf knights
  10 vampire magi
  6 naga sharpshooters
  Urug (D:12)
  A soul eater (Crypt:1)
  8 hell knights
  21 skeletal warriors
  The ghost of Tinttamiau the Cruncher, a novice GrGl of Okawaru (D:9)
  3 salamander mystics
  2 storm dragon skeletons
  5 shadow wraiths
  6 iron trolls
  13 sea snakes
  A sea snake (shapeshifter) (Depths:2)
  24 deep trolls
  6 flayed ghosts
  3 wizards
  8 glowing orange brains
  14 deep elf archers
  5 unseen horrors
  7 naga ritualists
  An unseen horror (shapeshifter) (Depths:2)
  A golden dragon skeleton (Crypt:2)
  5 obsidian statues
  12 ironbrand convokers
  6 phantasmal warriors
  2 harpies (shapeshifter)
  An anaconda skeleton (Crypt:3)
  A shadow dragon zombie (Crypt:1)
  27 orc knights
  3 wolf spider zombies
  27 harpies
  13 necromancers
  46 ugly things
  A mana viper (shapeshifter) (Depths:4)
  11 cyclopes
  The ghost of PeterQ the Sneak, a novice DsAs of Uskayaw (D:7)
  A frost giant zombie (Crypt:1)
  A manticore (shapeshifter) (Depths:2)
  4 orc sorcerers
  A glowing shapeshifter (Depths:3)
  2 wolf spiders
  A cyclops (shapeshifter) (Depths:5)
  9 fauns
  7 salamanders
  75 deep elf magi
  4 oklob plants
  A wolf spider (shapeshifter) (D:13)
  17 manticores
  18 mana vipers
  A shining eye (shapeshifter) (Depths:2)
  7 shining eyes
  24 moths of wrath
  A moth of wrath (shapeshifter) (Vaults:5)
  2 sphinx skeletons (Vaults:5)
  7 elephants
  5 merfolk sirens
  2 frost giant skeletons
  33 black mambas
  9 water nymphs
  A water nymph (shapeshifter) (Vaults:5)
  30 naga magi
  A stone giant skeleton (Vaults:3)
  9 apocalypse crabs (Zot:2)
  5 guardian serpents
  2 eyes of devastation (shapeshifter)
  12 vault sentinels
  A spiny frog (shapeshifter) (Vaults:1)
  8 gargoyles
  A yaktaur zombie (Vaults:3)
  4 molten gargoyles (Depths:2)
  12 spiny frogs
  2 eyes of devastation
  A kobold demonologist (D:15)
  A white draconian zombie (Crypt:2)
  An emperor scorpion zombie (Crypt:3)
  A pale draconian zombie (Crypt:3)
  2 human zombies
  2 rime drakes (shapeshifter)
  3 tengu conjurers
  A minotaur zombie (Crypt:2)
  15 freezing wraiths
  A yaktaur (shapeshifter) (Depths:4)
  6 rime drakes
  21 yaktaurs
  An entropy weaver simulacrum (Vaults:1)
  A black draconian skeleton (Crypt:2)
  7 komodo dragons
  2 queen bees (shapeshifter)
  9 trolls
  2 meliai (shapeshifter)
  2 tyrant leeches (shapeshifter) (Depths:2)
  A jumping spider (Vaults:3)
  A harpy zombie (Crypt:1)
  2 jumping spiders (shapeshifter)
  A hornet (shapeshifter) (Vaults:2)
  2 polar bears (Lair:6)
  10 wind drakes
  26 merfolk
  2 ice dragon zombies (Crypt:3)
  83 slime creatures
  A hydra skeleton (Crypt:3)
  A frost giant simulacrum (Vaults:5)
  13 hornets
  19 hippogriffs
  10 snapping turtles
  A stone giant simulacrum (Crypt:1)
  Prince Ribbit (D:7)
  An ettin zombie (Vaults:3)
  2 dream sheep (shapeshifter)
  17 flying skulls (Zot:3)
  A raiju (shapeshifter) (Depths:3)
  13 dream sheep
  A guardian serpent skeleton (Crypt:3)
  A satyr zombie (Crypt:1)
  An alligator zombie (Crypt:2)
  An ettin skeleton (Crypt:2)
  A spriggan (shapeshifter) (D:13)
  10 air elementals
  2 redbacks (Vaults:3)
  8 vampires
  5 shadows
  13 wraiths
  35 yaks
  4 wyverns
  A wyvern (shapeshifter) (Vaults:3)
  17 water elementals
  16 humans
  A golden eye (Slime:5)
  3 basilisks
  A neqoxec (D:9)
  4 fire elementals
  A steam dragon (D:12)
  2 hungry ghosts
  A human simulacrum (Vaults:1)
  A yaktaur simulacrum (Vaults:3)
  A redback simulacrum (D:15)
  8 vampire mosquitoes
  An infernal demonspawn zombie (Crypt:2)
  7 wargs
  A gelid demonspawn zombie (Crypt:1)
  2 insubstantial wisps (Depths:2)
  52 nagas
  4 soldier ants
  5 acid dragons
  8 porcupines
  A floating eye (shapeshifter) (Depths:2)
  2 hornet zombies (D:7)
  76 orc warriors
  A snapping turtle zombie (Crypt:1)
  15 water moccasins
  A manticore zombie (Crypt:2)
  An orc zombie (Vaults:1)
  13 ice beasts
  2 black bears
  9 sky beasts
  7 eyes of draining
  20 ogres
  2 phantoms
  A fire dragon simulacrum (Crypt:2)
  5 boggarts
  22 wolves
  A snapping turtle skeleton (Crypt:1)
  13 centaurs
  8 crocodiles
  Blork the orc (D:5)
  9 bullfrogs
  A wyvern zombie (D:12)
  9 earth elementals
  4 yaktaur skeletons
  A human skeleton (Vaults:1)
  A wyvern skeleton (Crypt:3)
  A water moccasin skeleton (D:5)
  2 scorpions (D:11)
  A queen bee zombie (Crypt:3)
  2 orc simulacra
  8 wights
  10 killer bees
  6 howler monkeys
  2 electric eels (Lair:1)
  7 crimson imps
  A bullfrog zombie (D:12)
  4 centaur zombies
  3 quasits (D:9)
  A wolf skeleton (Crypt:2)
  3 jellies
  41 orc priests
  3 centaur skeletons
  5 hounds
  3 bullfrog skeletons
  5 iguanas
  27 orc wizards
  8 worker ants
  5 yak simulacra (Lair:5)
  4 lightning spires
  2 polar bear simulacra (Lair:5)
  3 wolf simulacra (Lair:5)
  A dwarf zombie (Crypt:1)
  A naga skeleton (Crypt:3)
  A deep dwarf skeleton (Crypt:2)
  2 hound zombies
  A hound skeleton (D:9)
  2 worker ant zombies
  5 gnolls
  17 adders
  7 shadow imps
  An adder skeleton (Crypt:3)
  An adder zombie (D:5)
  An iguana skeleton (Crypt:3)
  4 worms
  5 ball lightnings (Depths:2)
  A barachi zombie (Crypt:2)
  4 dart slugs
  6 leopard geckos
  135 orcs
  A bat zombie (Crypt:2)
  3 giant cockroaches
  6 goblins
  A hobgoblin (shapeshifter) (Vaults:5)
  6 hobgoblins
  18 jackals
  2 quokkas
  3 ball pythons
  8 bats
  A dart slug zombie (Crypt:3)
  9 frilled lizards
  A jackal skeleton (Crypt:1)
  7 kobolds
  A kobold zombie (Crypt:1)
  A leopard gecko skeleton (D:6)
  6 rats
  A river rat simulacrum (Lair:5)
  2 crawling corpses (Elf:3)
  2 plants (Shoals:1)
2605 creatures vanquished.

Vanquished Creatures (others)
  3 deep elf master archers (Elf:3)
  A shadow dragon (Vaults:5)
  A vault warden (Vaults:5)
  A draconian shifter (Zot:4)
  An ice dragon (Depths:1)
  2 yaktaur captains (Vaults:5)
  2 centaur warriors
  A satyr (Shoals:2)
  A naga sharpshooter (Snake:3)
  2 deep elf knights
  2 deep elf archers (Elf:1)
  An orc knight (Depths:4)
  A deep elf mage (D:12)
  3 fauns
  2 cyclopes (D:15)
  2 naga magi
  8 yaktaurs
  A black mamba zombie (Crypt:1)
  A naga (Snake:4)
  2 orc warriors
  2 ogres (Vaults:5)
  A centaur (Depths:4)
  2 ball lightnings (Depths:2)
  An orc (Vaults:5)
  5 fungi (Lair:6)
  22 plants
  3 withered plants (Vaults:1)
74 creatures vanquished.

Grand Total: 2679 creatures vanquished

Notes
Turn   | Place    | Note
-------+----------+-------------------------------------------
     0 | D:1      | Oravi the Formicid Arcane Marksman began the quest for the
                  | Orb.
     0 | D:1      | Reached XP level 1. HP: 15/15 MP: 2/2
    58 | D:1      | Reached XP level 2. HP: 21/21 MP: 1/3
   417 | D:1      | Learned a level 2 spell: Slow
   554 | D:2      | Reached XP level 3. HP: 26/26 MP: 3/5
   620 | D:2      | Found a blossoming altar of Fedhas.
   891 | D:2      | Found a shattered altar of Ashenzari.
   960 | D:2      | Reached XP level 4. HP: 32/32 MP: 4/7
   965 | D:2      | Learned a level 3 spell: Portal Projectile
  1264 | D:3      | Found a sparkling altar of Nemelex Xobeh.
  1607 | D:3      | Reached XP level 5. HP: 37/37 MP: 3/8
  1726 | D:3      | Reached skill level 1 in Shields
  2768 | D:4      | Got an iridescent mace
  2821 | D:4      | Found a staircase to the Ecumenical Temple.
  2830 | Temple   | Entered the Ecumenical Temple
  2862 | Temple   | Became a worshipper of Warmaster Okawaru
  3016 | D:4      | Noticed a phantom
  3360 | D:4      | Reached XP level 6. HP: 43/43 MP: 9/9
  3642 | D:5      | Entered Level 5 of the Dungeon
  3735 | D:5      | Found a shimmering altar of Xom.
  3738 | D:5      | Found a shadowy altar of Dithmenos.
  3741 | D:5      | Found a bloodstained altar of Trog.
  3753 | D:5      | Found a hazy altar of Hepliaklqana.
  3792 | D:5      | Noticed a sky beast
  3810 | D:5      | Killed a sky beast
  3810 | D:5      | Reached skill level 5 in Slings
  3810 | D:5      | Reached skill level 5 in Hexes
  4001 | D:5      | Found a radiant altar of Vehumet.
  4002 | D:5      | Noticed Blork the orc
  4044 | D:5      | Killed Blork the orc
  4044 | D:5      | Reached XP level 7. HP: 33/48 MP: 9/11
  4279 | D:5      | Reached * piety under Okawaru
  4895 | D:3      | Reached skill level 1 in Invocations
  5025 | D:5      | Reached skill level 2 in Fighting
  5025 | D:5      | Reached XP level 8. HP: 52/56 MP: 11/13
  5459 | D:5      | Found a sacrificial altar of Ru.
  5849 | D:6      | Found Caifoude's Assorted Antiques.
  5854 | D:6      | Bought a scroll labeled HOMISE QIOWAKK for 18 gold pieces
  5854 | D:6      | Bought a scroll labeled ODOHUM UTWUZ for 18 gold pieces
  5854 | D:6      | Bought a scroll labeled RIFEKA GO QEF for 18 gold pieces
  6094 | D:6      | Reached ** piety under Okawaru
  6299 | D:6      | Reached skill level 3 in Fighting
  6540 | D:6      | Noticed a +0 hand axe
  6540 | D:6      | Noticed a +0 hand axe
  6541 | D:6      | Found a hide-covered altar of Uskayaw.
  6927 | D:6      | Found a glowing golden altar of the Shining One.
  7199 | D:6      | Found an iron altar of Okawaru.
  7265 | D:7      | Found a runed door.
  7265 | D:7      | Found a shimmering altar of Xom.
  7265 | D:7      | Noticed PeterQ's ghost (novice DsAs)
  7265 | D:7      | Noticed a +0 rapier of chaos
  7265 | D:7      | Noticed Prince Ribbit
  7379 | D:7      | Reached XP level 9. HP: 55/64 MP: 11/15
  7385 | D:7      | Learned a level 4 spell: Cause Fear
  7882 | D:7      | Found Alew's Armour Emporium.
  7951 | D:7      | Reached skill level 5 in Spellcasting
  7964 | D:7      | Reached skill level 4 in Fighting
  8406 | D:7      | Reached *** piety under Okawaru
  8406 | D:7      | Reached skill level 1 in Armour
  8602 | D:7      | Noticed a hippogriff
  8617 | D:7      | Killed a hippogriff
  8955 | D:7      | You fall through a shaft for 3 floors!
  8955 | D:10     | Entered Level 10 of the Dungeon
  9150 | D:10     | Got a shimmering brass ring
  9152 | D:10     | Identified the ring "Axeum" {rF+ rC+ Dex+3} (You acquired
                  | it on level 10 of the Dungeon)
  9807 | D:8      | Reached XP level 10. HP: 33/73 MP: 10/18
 10635 | D:8      | Found a white marble altar of Elyvilon.
 10690 | D:8      | Reached skill level 5 in Fighting
 10983 | D:9      | Received a gift from Okawaru
 11403 | D:8      | Reached **** piety under Okawaru
 11684 | D:9      | Reached skill level 10 in Slings
 12319 | D:9      | Reached skill level 6 in Fighting
 12442 | D:9      | Found a transporter.
 12445 | D:9      | Noticed Tinttamiau's ghost (novice GrGl)
 12457 | D:9      | Found a transporter.
 12590 | D:9      | Reached XP level 11. HP: 73/81 MP: 20/20
 12628 | D:9      | Reached ***** piety under Okawaru
 12833 | D:9      | Found Diurhem's General Store.
 12973 | D:6      | Bought a glowing fustibalus for 324 gold pieces
 13118 | D:7      | Killed Prince Ribbit
 13141 | D:7      | Found Alew's Armour Emporium.
 13201 | D:7      | Found a runed door.
 13205 | D:7      | Found a shimmering altar of Xom.
 13381 | D:9      | Found a stormy altar of Qazlal.
 13705 | D:9      | Reached skill level 5 in Armour
 13725 | D:9      | Noticed a centaur warrior
 13733 | D:9      | You fall through a shaft for 3 floors!
 13761 | D:12     | Killed a deep elf mage
 13982 | D:12     | Noticed a cyclops
 13999 | D:12     | Killed a cyclops
 14147 | D:12     | Noticed a cyclops
 14150 | D:12     | Killed a cyclops
 14150 | D:12     | Received a gift from Okawaru
 14387 | D:12     | Noticed a five-headed hydra
 14394 | D:12     | Killed a five-headed hydra
 14469 | D:12     | Noticed a cyclops
 14473 | D:12     | Killed a cyclops
 14689 | D:12     | Found a shimmering altar of Xom.
 14960 | D:11     | Found a glowing golden altar of the Shining One.
 15127 | D:10     | Reached skill level 5 in Invocations
 15397 | D:10     | Found a staircase to the Orcish Mines.
 15430 | D:10     | Found a staircase to the Lair.
 15914 | D:10     | Reached skill level 7 in Fighting
 16038 | D:10     | Reached XP level 12. HP: 85/91 MP: 23/23
 16542 | D:11     | Found Viynt's Antique Weapon Boutique.
 17077 | D:12     | Received a gift from Okawaru
 17253 | D:13     | Reached skill level 5 in Shields
 17440 | D:13     | Found a gate to the Vaults.
 17440 | D:13     | Noticed Urug
 17440 | D:13     | Noticed a centaur warrior
 17440 | D:13     | Noticed Rupert
 17441 | D:13     | Noticed a centaur warrior
 17490 | D:11     | Reached skill level 10 in Hexes
 17654 | D:12     | Killed Urug
 17802 | D:13     | Received a gift from Okawaru
 18318 | D:7      | You fall through a shaft!
 18651 | D:9      | Noticed a seven-headed hydra
 18666 | D:9      | Noticed an emperor scorpion
 18666 | D:9      | a seven-headed hydra changed into an emperor scorpion
 18774 | Lair:1   | Entered Level 1 of the Lair of Beasts
 18783 | Lair:1   | Reached skill level 8 in Fighting
 18787 | Lair:1   | Received a gift from Okawaru
 19053 | Lair:1   | Reached XP level 13. HP: 98/98 MP: 19/25
 19768 | Lair:2   | Reached skill level 1 in Translocations
 19883 | Lair:2   | You fall through a shaft!
 19976 | Lair:3   | Noticed an eight-headed hydra
 19986 | Lair:3   | Killed an eight-headed hydra
 20203 | Lair:3   | Found a staircase to the Snake Pit.
 20509 | Lair:3   | Noticed Fannar
 20526 | Lair:3   | Killed Fannar
 21481 | Lair:2   | Found a staircase to the Shoals.
 22000 | Lair:4   | Received a gift from Okawaru
 22272 | Lair:4   | Reached skill level 9 in Fighting
 22879 | Lair:4   | Reached XP level 14. HP: 83/108 MP: 20/27
 23429 | Lair:5   | Identified the +1 scale mail "Sudiv" {rPois} (You found it
                  | on level 5 of the Lair of Beasts)
 24020 | Lair:6   | Entered Level 6 of the Lair of Beasts
 24209 | Lair:6   | Received a gift from Okawaru
 24292 | Lair:6   | Received a gift from Okawaru
 24527 | Lair:6   | Reached skill level 10 in Fighting
 24836 | Lair:6   | Reached ****** piety under Okawaru
 24840 | Lair:6   | Received a gift from Okawaru
 24866 | Lair:6   | Reached skill level 10 in Armour
 25379 | Lair:6   | Reached skill level 10 in Spellcasting
 25407 | Lair:6   | Identified a +2 pair of boots of running (You found it on
                  | level 6 of the Lair of Beasts)
 25600 | Lair:6   | Found a staircase to the Slime Pits.
 26602 | Lair:5   | Reached XP level 15. HP: 112/117 MP: 29/29
 26918 | D:7      | Killed PeterQ's ghost
 27248 | D:7      | Found Alew's Armour Emporium.
 27743 | D:12     | Killed Rupert
 28421 | D:13     | Reached skill level 11 in Fighting
 28728 | D:13     | Received a gift from Okawaru
 28764 | D:13     | Learned a level 5 spell: Silence
 28770 | D:13     | Learned a level 5 spell: Borgnjor's Vile Clutch
 28890 | D:13     | Reached skill level 1 in Earth Magic
 28945 | D:13     | Reached skill level 1 in Necromancy
 28945 | D:13     | Noticed a ghost moth
 28962 | D:13     | Killed a ghost moth
 29753 | D:9      | Identified the +9 trident "Hipp" {drain, rF++ rC+ Int-2
                  | SInv}
 29893 | D:9      | Noticed a fire giant
 30099 | Orc:1    | Entered Level 1 of the Orcish Mines
 30107 | Orc:1    | Reached skill level 1 in Air Magic
 30325 | Orc:1    | Found Xuicaput's Book Shoppe.
 30433 | Orc:2    | Entered Level 2 of the Orcish Mines
 31048 | Orc:2    | Found a staircase to the Elven Halls.
 31541 | Orc:2    | Received a gift from Okawaru
 31563 | Orc:2    | Reached skill level 5 in Earth Magic
 31867 | Orc:2    | Received a gift from Okawaru
 32077 | Orc:2    | Found Eroyriph's Food Emporium.
 32080 | Orc:2    | Found Jymais Ufri's Food Emporium.
 32081 | Orc:2    | Found Irec's Weapon Emporium.
 32082 | Orc:2    | Found Bonwizxe's Weapon Shoppe.
 32359 | Orc:1    | Reached XP level 16. HP: 112/125 MP: 25/31
 32716 | Orc:1    | Received a gift from Okawaru
 32716 | Orc:1    | Reached skill level 5 in Necromancy
 33143 | Orc:1    | Found a roughly hewn altar of Beogh.
 34922 | D:15     | Entered Level 15 of the Dungeon
 35384 | D:15     | Found a runed gate.
 35385 | D:15     | Found a runed gate.
 35390 | D:15     | Found a runed gate.
 35789 | D:15     | Found a staircase to the Depths.
 36030 | D:15     | Received a gift from Okawaru
 36161 | D:15     | Noticed Tinttamiau's ghost (journeyman TrFi)
 36214 | D:15     | Received a gift from Okawaru
 36321 | D:15     | Found a portal to a secret trove of treasure.
 36895 | Snake:1  | Entered Level 1 of the Snake Pit
 36909 | Snake:1  | Reached XP level 17. HP: 131/131 MP: 32/32
 37444 | Snake:1  | Found a runed door.
 37448 | Snake:1  | Found a shimmering altar of Xom.
 37448 | Snake:1  | Noticed Fecy's ghost (journeyman TrBe)
 37815 | Snake:1  | Reached skill level 10 in Shields
 40135 | Snake:3  | Received a gift from Okawaru
 40572 | Snake:3  | Received a gift from Okawaru
 41371 | Snake:3  | Received a gift from Okawaru
 41372 | Snake:3  | Got a faintly glowing war axe {god gift}
 41840 | Snake:3  | Found Sepadial's Gadget Boutique.
 41898 | Snake:4  | Entered Level 4 of the Snake Pit
 43074 | Snake:4  | Received a gift from Okawaru
 43296 | Snake:4  | Reached XP level 18. HP: 88/140 MP: 20/34
 44788 | Snake:4  | Reached skill level 15 in Shields
 44855 | Snake:4  | Reached skill level 1 in Axes
 44869 | Snake:4  | Received a gift from Okawaru
 44871 | Snake:4  | Got a pitted cloak {god gift}
 44872 | Snake:4  | Identified the +2 cloak "Nadif" {rF+} (Okawaru gifted it to
                  | you on level 4 of the Snake Pit)
 45052 | Snake:4  | Reached skill level 12 in Fighting
 46046 | Snake:4  | Reached skill level 5 in Axes
 46047 | Snake:4  | Got a serpentine rune of Zot
 46477 | Snake:4  | Identified the +1 war axe "Ogre's Undoing" {chop, rN+}
                  | (Okawaru gifted it to you on level 3 of the Snake Pit)
 46717 | D:9      | Got a faintly glowing hunting sling
 46727 | D:9      | Identified the +8 hunting sling of the People {speed, rF+
                  | Dex+4} (You found it on level 9 of the Dungeon)
 46895 | Elf:1    | Entered Level 1 of the Elven Halls
 47244 | Elf:1    | Noticed Louise
 47264 | Elf:1    | Killed Louise
 47953 | Elf:1    | Reached skill level 13 in Fighting
 48097 | Elf:1    | Reached XP level 19. HP: 149/149 MP: 25/35
 48293 | Elf:1    | Received a gift from Okawaru
 49332 | Elf:2    | Found a runed gate.
 49332 | Elf:2    | Found a runed gate.
 49381 | Elf:2    | Found a runed gate.
 49464 | Elf:2    | Received a gift from Okawaru
 50279 | Elf:2    | Found Rets's Antique Weapon Shoppe.
 50831 | Elf:2    | Reached skill level 10 in Axes
 51636 | Elf:2    | Reached skill level 14 in Fighting
 52203 | Elf:3    | Entered Level 3 of the Elven Halls
 52211 | Elf:3    | Learned a level 3 spell: Regeneration
 52330 | Elf:3    | Received a gift from Okawaru
 52595 | Elf:3    | Received a gift from Okawaru
 52652 | Elf:3    | Received a gift from Okawaru
 53027 | Elf:3    | Reached XP level 20. HP: 148/160 MP: 36/36
 53762 | Elf:3    | Identified the +9 morningstar of Ystrarr {crush, +Inv
                  | rPois}
 53762 | Elf:3    | Identified the amulet of Okawaru's Anger {RegenMP MR+ Int+2
                  | Dex+8}
 54610 | Elf:3    | Identified the +9 broad axe of Zoenalyu {chop, rF+ MR++
                  | Int+3 Dex+3}
 54610 | Elf:3    | Identified the +6 shortbow of Intuition {freeze, rC+ SInv}
 54610 | Elf:3    | Identified the +2 robe of Prudence {rPois}
 54730 | Elf:3    | Received a gift from Okawaru
 54930 | Elf:3    | Found Hont's Weapon Shoppe.
 55036 | Elf:3    | Identified the amulet of the Invisible Hand {Spirit Str-2
                  | Int+10 Dex+3}
 55068 | Elf:3    | Identified the +5 flail "Xejinaos" {flame, rC++ MR+ Str-3}
 55078 | Elf:3    | Reached skill level 15 in Fighting
 55753 | Elf:3    | Identified the +9 plate armour of Objectivity {Dex+3} (You
                  | found it on level 3 of the Elven Halls)
 56076 | Snake:1  | Killed Fecy's ghost
 56302 | Shoals:1 | Entered Level 1 of the Shoals
 56339 | Shoals:1 | Learned a level 3 spell: Confuse
 56363 | Shoals:1 | Received a gift from Okawaru
 57060 | Shoals:1 | Received a gift from Okawaru
 57440 | Shoals:1 | Identified the +4 hunting sling "Heun" {freeze, rPois
                  | Dex+2} (Okawaru gifted it to you on level 1 of the Shoals)
 57584 | Shoals:2 | Found Tyastrut's Distillery.
 57659 | Shoals:2 | Reached XP level 21. HP: 170/170 MP: 17/37
 57695 | Shoals:2 | Noticed Ilsuiw
 57890 | Shoals:2 | Killed Ilsuiw
 58225 | Shoals:2 | Reached skill level 15 in Axes
 58225 | Shoals:2 | Reached XP level 22. HP: 174/177 MP: 36/38
 58268 | Shoals:2 | Reached skill level 16 in Fighting
 58842 | Shoals:3 | Found a runed door.
 58850 | Shoals:3 | Noticed Tosmoog's ghost (adept MiBe)
 59044 | Shoals:3 | Received a gift from Okawaru
 59390 | Shoals:4 | Entered Level 4 of the Shoals
 60642 | Shoals:4 | Got a barnacled rune of Zot
 61173 | Shoals:4 | Identified Noar's Grimoire of Helpful Stones
 61429 | Shoals:1 | Got a steaming silver ring
 61430 | Shoals:1 | Identified the ring "Zojyokiw" {+Inv SInv Stlth+} (You
                  | acquired it on level 1 of the Shoals)
 61501 | D:10     | Learned a level 6 spell: Statue Form
 61644 | Shoals:3 | Killed Tosmoog's ghost
 61654 | Shoals:3 | Got a sparkling silver ring
 61655 | Shoals:3 | Identified the ring of Reimbursement {-Tele rN+ Str+2
                  | Int+2} (You found it on level 3 of the Shoals)
 61887 | Vaults:1 | Entered Level 1 of the Vaults
 62219 | Vaults:1 | Found Qyuc's Antique Weapon Boutique.
 62863 | Vaults:1 | Reached skill level 17 in Fighting
 62916 | Vaults:1 | Got a smoking steel ring
 62917 | Vaults:1 | Identified the ring of Ryluynuff {Fire Dex+3} (You found it
                  | on level 1 of the Vaults)
 63200 | Vaults:1 | Found a runed gate.
 63200 | Vaults:1 | Found a runed gate.
 63200 | Vaults:1 | Found a runed gate.
 63311 | Vaults:1 | Noticed Bedytzil's ghost (veteran GnSk)
 63311 | Vaults:1 | Noticed Neal's ghost (adept DDFi)
 63448 | Vaults:1 | Found Vaerr's Book Boutique.
 63590 | Vaults:2 | Received a gift from Okawaru
 63687 | Vaults:2 | Reached XP level 23. HP: 187/187 MP: 29/39
 64500 | Vaults:2 | Reached skill level 1 in Transmutations
 64562 | Vaults:2 | Noticed Sojobo
 64562 | Vaults:2 | Noticed Jory
 64577 | Vaults:2 | You fall through a shaft!
 65872 | Vaults:3 | Reached skill level 5 in Transmutations
 66167 | Vaults:3 | Reached skill level 18 in Fighting
 66384 | Vaults:3 | Received a gift from Okawaru
 66387 | Vaults:3 | Got a steaming robe {god gift}
 68090 | Vaults:4 | Reached XP level 24. HP: 181/199 MP: 39/39
 68492 | Vaults:4 | Reached skill level 10 in Transmutations
 69420 | Vaults:4 | Noticed Saint Roka
 69473 | Vaults:4 | Received a gift from Okawaru
 69496 | Vaults:3 | Killed Saint Roka
 69851 | Vaults:4 | Reached skill level 19 in Fighting
 70112 | Vaults:4 | Identified the +6 broad axe of Spontaneous Combustion
                  | {chop, rN+} (Okawaru gifted it to you on level 4 of the
                  | Vaults)
 70536 | Vaults:2 | Killed Sojobo
 70729 | Vaults:2 | Found a staircase to the Crypt.
 71186 | Vaults:2 | Killed Jory
 71498 | Vaults:2 | Learned a level 3 spell: Inner Flame
 71544 | Crypt:1  | Entered Level 1 of the Crypt
 71668 | Crypt:1  | Received a gift from Okawaru
 72189 | Crypt:1  | Noticed Boris
 72282 | Crypt:1  | Killed Boris
 72282 | Crypt:1  | Reached skill level 10 in Earth Magic
 72871 | Crypt:2  | Reached XP level 25. HP: 208/208 MP: 35/39
 73056 | Crypt:2  | Found a basalt altar of Yredelemnul.
 73920 | Crypt:3  | Entered Level 3 of the Crypt
 74153 | Crypt:3  | Found a staircase to the Tomb.
 74238 | Crypt:3  | Received a gift from Okawaru
 74271 | Crypt:3  | Received a gift from Okawaru
 74271 | Crypt:3  | Reached skill level 5 in Dodging
 74285 | Crypt:3  | Noticed an ancient lich
 74292 | Crypt:3  | Killed an ancient lich
 74293 | Crypt:3  | Reached skill level 20 in Fighting
 74658 | Crypt:3  | Found a basalt altar of Yredelemnul.
 74661 | Crypt:3  | Found an ancient bone altar of Kikubaaqudgha.
 74705 | Crypt:3  | Identified the Incunabulum of Hurtful Lightness
 74707 | Crypt:3  | Identified the Compendium of Evil
 74851 | Crypt:3  | Noticed a curse toe
 75076 | Crypt:3  | Killed a curse toe
 75933 | Vaults:1 | Bought a brightly glowing battleaxe for 414 gold pieces
 75933 | Vaults:1 | Identified the +8 battleaxe of Untimely Demise {venom, rC-
                  | Str+2 Int+10 Dex-2} (You bought it in a shop on level 1 of
                  | the Vaults)
 76236 | Depths:1 | Entered Level 1 of the Depths
 76937 | Depths:1 | Found a gateway to Hell.
 76961 | Depths:1 | Reached XP level 26. HP: 161/219 MP: 24/39
 77037 | Depths:1 | Found Igyta's Armour Emporium.
 77042 | Depths:1 | Found Sacav's General Store.
 77247 | Depths:1 | Received a gift from Okawaru
 78443 | Depths:2 | Noticed a shard shrike
 78453 | Depths:2 | Noticed a shard shrike
 78453 | Depths:2 | a titan changed into a shard shrike
 78460 | Depths:2 | a shard shrike changed into a titan
 78561 | Depths:2 | Reached skill level 21 in Fighting
 79140 | Depths:2 | Identified the Volume of Shape Shifting and Ignition
 79169 | Depths:2 | Identified the cursed +1 battleaxe "Hikukex" {chop, rElec
                  | Int+2} (You found it on level 2 of the Depths)
 79329 | Depths:2 | Received a gift from Okawaru
 79592 | Depths:1 | Bought a +1 pair of boots of flying for 214 gold pieces
 79874 | Depths:2 | Identified a +0 pair of boots of running (You found it on
                  | level 2 of the Depths)
 80414 | Depths:3 | Received a gift from Okawaru
 80418 | Depths:3 | Reached skill level 10 in Dodging
 80528 | Depths:3 | Reached XP level 27. HP: 143/229 MP: 27/39
 80698 | Depths:3 | Found a hazy altar of Hepliaklqana.
 80725 | Depths:3 | Found a one-way gate to the infinite horrors of the Abyss.
 80729 | Depths:3 | Identified Ahuvaru's Disquisition on the Helpful Rocks
 80844 | Depths:3 | Found a one-way gate leading to the halls of Pandemonium.
 81230 | Depths:3 | Found Soinafud's Jewellery Shoppe.
 81487 | Depths:3 | Learned a level 6 spell: Invisibility
 81492 | Depths:3 | Learned a level 4 spell: Passage of Golubria
 81766 | Depths:4 | Found Igyta's Weapon Shoppe.
 81776 | Depths:4 | Found Lacilec's Jewellery Emporium.
 82300 | Depths:4 | Reached skill level 22 in Fighting
 82384 | Depths:4 | Found a runed door.
 82485 | Depths:4 | Found a runed door.
 82489 | Depths:4 | Noticed an ancient lich
 82500 | Depths:4 | Killed an ancient lich
 82991 | Depths:5 | Entered Level 5 of the Depths
 82993 | Depths:5 | Found a gateway to a ziggurat.
 83129 | Depths:5 | Received a gift from Okawaru
 83130 | Depths:5 | Identified the +1 crystal plate armour "Hutog" {Dex+3}
                  | (Okawaru gifted it to you on level 5 of the Depths)
 83234 | Depths:5 | Found a corrupted altar of Lugonu.
 83496 | Depths:5 | Found a gate to the Realm of Zot.
 83634 | Depths:5 | Noticed a juggernaut
 83647 | Depths:5 | Killed a juggernaut
 84368 | D:9      | Killed Tinttamiau's ghost
 84564 | D:15     | Killed Tinttamiau's ghost
 84652 | D:15     | Identified a +0 pair of boots of running (You found it on
                  | level 15 of the Dungeon)
 84985 | Slime:1  | Entered Level 1 of the Pits of Slime
 85139 | Slime:2  | Learned a level 1 spell: Apportation
 85571 | Slime:4  | Gained mutation: Armour fits poorly on your strangely
                  | shaped body. [a shining eye]
 85580 | Slime:4  | Gained mutation: You are dopey. (Int -2) [a shining eye]
 85582 | Slime:4  | Gained mutation: You are weak. (Str -2) [a shining eye]
 85797 | Slime:5  | Entered Level 5 of the Pits of Slime
 85836 | Slime:5  | Gained mutation: You are clumsy. (Dex -2) [a shining eye]
 85945 | Slime:4  | Gained mutation: You are very weak. (Str -4) [a shining
                  | eye]
 86059 | Slime:4  | Lost mutation: Armour fits poorly on your strangely shaped
                  | body. [potion of mutation]
 86059 | Slime:4  | Lost mutation: You are dopey. (Int -2) [potion of mutation]
 86059 | Slime:4  | Gained mutation: Scrolls take you a little longer to read.
                  | [potion of mutation]
 86059 | Slime:4  | Gained mutation: You are frail. (-10% HP) [potion of
                  | mutation]
 86059 | Slime:4  | Gained mutation: You are partially covered in slimy green
                  | scales. (AC +2) [potion of mutation]
 86059 | Slime:4  | Gained mutation: You expend magic power (3 MP) to
                  | strengthen your wands. [potion of mutation]
 86208 | Slime:5  | Received a gift from Okawaru
 86404 | D:10     | Lost mutation: Scrolls take you a little longer to read.
                  | [potion of mutation]
 86404 | D:10     | Lost mutation: You are frail. (-10% HP) [potion of
                  | mutation]
 86404 | D:10     | Lost mutation: You expend magic power (3 MP) to strengthen
                  | your wands. [potion of mutation]
 86404 | D:10     | Lost mutation: You are very weak. (Str -4) [potion of
                  | mutation]
 86404 | D:10     | Gained mutation: Your magical capacity is low. (-10% MP)
                  | [potion of mutation]
 86404 | D:10     | Gained mutation: You are resistant to hostile enchantments.
                  | (MR+) [potion of mutation]
 86404 | D:10     | Gained mutation: You are frail. (-10% HP) [potion of
                  | mutation]
 86404 | D:10     | Gained mutation: Your mind is acute. (Int +2) [potion of
                  | mutation]
 86405 | D:10     | Lost mutation: You are clumsy. (Dex -2) [potion of
                  | mutation]
 86405 | D:10     | Lost mutation: Your mind is acute. (Int +2) [potion of
                  | mutation]
 86405 | D:10     | Lost mutation: You are weak. (Str -2) [potion of mutation]
 86405 | D:10     | Lost mutation: You are frail. (-10% HP) [potion of
                  | mutation]
 86405 | D:10     | Gained mutation: Your movements are slightly less
                  | encumbered by armour. (ER -2) [potion of mutation]
 86405 | D:10     | Gained mutation: You are robust. (+10% HP) [potion of
                  | mutation]
 86405 | D:10     | Gained mutation: You are surrounded by a mild repulsion
                  | field. (EV +2) [potion of mutation]
 86596 | Slime:5  | Noticed the Royal Jelly
 86756 | Slime:5  | Gained mutation: You are weak. (Str -2) [a shining eye]
 86756 | Slime:5  | Gained mutation: You occasionally shout uncontrollably at
                  | your foes. [a shining eye]
 86759 | Slime:5  | Reached skill level 23 in Fighting
 86760 | Slime:5  | Killed the Royal Jelly
 86760 | Slime:5  | Received a gift from Okawaru
 86904 | Slime:5  | Got a transparent turquoise ring
 86906 | Slime:5  | Got a slimy rune of Zot
 86954 | Slime:5  | Got a scintillating steel amulet
 86986 | Slime:5  | Identified the ring "Cecaf" {Ice MR+ Int+3 Dex+2} (You
                  | found it on level 5 of the Pits of Slime)
 86987 | Slime:5  | Identified the amulet of Equilibrium {Reflect *Drain +Inv
                  | Int+4 Dex+2 SH+3} (You found it on level 5 of the Pits of
                  | Slime)
 87528 | D:15     | You showed the slimy rune of Zot to enter a treasure trove
 87529 | Trove    | Entered a treasure trove
 87550 | Trove    | Identified Fiyg's Reference Book on Poison
 87553 | Trove    | Identified the Catalogue of Anaesthesia
 87577 | Trove    | Identified Puskov's Almanac of Spatial Confrontation
 87580 | Trove    | Identified the Papyrus of Curses
 87712 | Vaults:1 | Killed Neal's ghost
 87723 | Vaults:1 | Killed Bedytzil's ghost
 87887 | Vaults:5 | Entered Level 5 of the Vaults
 87893 | Vaults:5 | Received a gift from Okawaru
 87912 | Vaults:4 | Reached skill level 24 in Fighting
 87927 | Vaults:5 | Received a gift from Okawaru
 88019 | Vaults:5 | Noticed Frederick
 88207 | Vaults:5 | Received a gift from Okawaru
 88383 | Vaults:4 | Reached skill level 15 in Spellcasting
 88462 | Vaults:5 | Identified the +2 robe of Radghup {Str+5}
 88473 | Vaults:5 | Killed Frederick
 88473 | Vaults:5 | Received a gift from Okawaru
 88887 | Vaults:5 | Noticed Mennas
 88897 | Vaults:5 | Killed Mennas
 88964 | Vaults:5 | Found the +3 salamander hide armour {+Rage rF++}
 89130 | Vaults:5 | Reached skill level 25 in Fighting
 89229 | Vaults:5 | Identified the Incunabulum of Fire
 89256 | Vaults:5 | Got a silver rune of Zot
 89881 | Vaults:5 | Learned a level 3 spell: Lesser Beckoning
 90451 | Zot:1    | Entered Level 1 of the Realm of Zot
 90480 | Depths:5 | Received a gift from Okawaru
 90807 | Zot:1    | Got a pair of twisted gloves
 90808 | Zot:1    | Identified the +5 pair of gloves "Salluomu" {-Cast rElec
                  | rPois Stlth+} (You found it on level 1 of the Realm of Zot)
 91190 | Zot:2    | Received a gift from Okawaru
 92596 | Zot:3    | Noticed an orb of fire
 92599 | Zot:3    | Gained mutation: You are clumsy. (Dex -2) [an orb of fire]
 92611 | Zot:3    | Killed an orb of fire
 92611 | Zot:3    | Received a gift from Okawaru
 93399 | Zot:3    | Received a gift from Okawaru
 93713 | Zot:3    | Noticed an ancient lich
 93720 | Zot:3    | Killed an ancient lich
 93763 | Zot:3    | Identified Sif Muna's Papyrus of the Vitriolic Frostbite
 93814 | Zot:3    | Learned a level 5 spell: Aura of Abjuration
 93858 | Zot:3    | Reached skill level 1 in Summonings
 94222 | Zot:4    | Received a gift from Okawaru
 94262 | Zot:4    | Noticed an orb of fire
 94269 | Zot:4    | Gained mutation: Your body sometimes deteriorates upon
                  | taking damage. [an orb of fire]
 94270 | Zot:4    | Killed an orb of fire
 94553 | Zot:4    | Reached skill level 26 in Fighting
 94855 | Zot:4    | Reached skill level 5 in Summonings
 95121 | Zot:4    | Noticed an orb of fire
 95135 | Zot:4    | Killed an orb of fire
 95488 | Zot:5    | Entered Level 5 of the Realm of Zot
 95746 | Zot:4    | Received a gift from Okawaru
 95968 | Zot:5    | Noticed an ancient lich
 95976 | Zot:5    | Killed an ancient lich
 96074 | Zot:5    | Noticed an orb of fire
 96077 | Zot:5    | Gained mutation: You do not regenerate when monsters are
                  | visible. [an orb of fire]
 96082 | Zot:5    | Gained mutation: Your magical capacity is very low. (-20%
                  | MP) [an orb of fire]
 96084 | Zot:5    | Noticed an ancient lich
 96087 | Zot:5    | Lost mutation: You are robust. (+10% HP) [an orb of fire]
 96089 | Zot:5    | Gained mutation: Armour fits poorly on your strangely
                  | shaped body. [an orb of fire]
 96094 | Zot:5    | Killed an orb of fire
 96110 | Zot:5    | Killed an ancient lich
 96110 | Zot:5    | Received a gift from Okawaru
 96170 | Zot:5    | Identified the +0 cloak of the Bull {rF+ MR+ Str+3 Dex-3}
                  | (Okawaru gifted it to you on level 5 of the Realm of Zot)
 96277 | Zot:5    | Noticed an orb of fire
 96419 | Zot:5    | Noticed an orb of fire
 96430 | Zot:5    | Killed an orb of fire
 96432 | Zot:5    | Noticed an orb of fire
 96438 | Zot:5    | Gained mutation: You sometimes yell uncontrollably at your
                  | foes. [an orb of fire]
 96443 | Zot:5    | Gained mutation: Your magical capacity is extremely low.
                  | (-30% MP) [an orb of fire]
 96449 | Zot:5    | Killed an orb of fire
 96641 | Zot:5    | Noticed an orb of fire
 96652 | Zot:5    | Noticed a Killer Klown
 96676 | Zot:5    | Killed a Killer Klown
 96746 | Zot:5    | Noticed an orb of fire
 96762 | Zot:5    | Killed an orb of fire
 96801 | Zot:5    | Noticed an orb of fire
 96808 | Zot:5    | Noticed a Killer Klown
 97125 | Zot:5    | Killed a Killer Klown
 97169 | Zot:5    | Noticed an orb of fire
 97188 | Zot:5    | Noticed an orb of fire
 97198 | Zot:5    | Gained mutation: Your body often deteriorates upon taking
                  | damage. [an orb of fire]
 97206 | Zot:5    | Killed an orb of fire
 97225 | Zot:5    | Killed an orb of fire
 97336 | Zot:5    | Gained mutation: You are very clumsy. (Dex -4) [an orb of
                  | fire]
 97345 | Zot:5    | Gained mutation: You are frail. (-10% HP) [an orb of fire]
 97347 | Zot:5    | Gained mutation: Your spells are a little easier to cast,
                  | but a little less powerful. [an orb of fire]
 97347 | Zot:5    | Gained mutation: Your spells are easier to cast, but less
                  | powerful. [an orb of fire]
 97351 | Zot:5    | Killed an orb of fire
 97594 | Zot:5    | Noticed an orb of fire
 97600 | Zot:5    | Killed an orb of fire
 97600 | Zot:5    | Received a gift from Okawaru
 97610 | Zot:5    | Killed an orb of fire
 97614 | Zot:5    | Identified the +6 scale mail "Uboovvej" {rF+ rN++ rCorr}
                  | (Okawaru gifted it to you on level 5 of the Realm of Zot)
 97742 | Zot:5    | HP: 5/288 [Orb Guardian (17)]
 97742 | Zot:5    | Demolished by an Orb Guardian

Vault maps used:
D:1:      lightli_arrival_statuegarden, minmay_tromino_v7
D:2:      overflow_temple_1_default, ashenzari_altar_1, hangedman_decor_opposing
D:3:      nemelex_xobeh_ov_fountains_minmay, first_ration
D:4:      minmay_temple_entry_drinking_statues
D:5:      nicolae_ru_awakened_eye, overflow_temple_1_default,
          grunt_temple_overflow_cloverleaf, uniq_blork_the_orc
D:6:      tso_oasis_becter, dancing_weapons_uskayaw, serial_shops,
          kennysheep_little_box, palyth_stone_intersect,
          okawaru_altar_gauntlet_db
D:7:      ebering_ghost_xom, serial_shops, shop, uniq_prince_ribbit1
D:8:      nicolae_overflow_hidden_temple, chequers_mini_garden
D:9:      minmay_sliced_demisemicircle, lemuel_coloured_pillars_altar,
          serial_shops, shop, gammafunk_ghost_stat_death
D:10:     lair_entry_dummy, hiddenorc1_lemuel
D:11:     basic_altar, serial_shops, shop, hangedman_pestilent_swarm,
          kennysheep_generic_room_8
D:12:     chequers_decorated_corner, xom_confusion_cloud
D:13:     minmay_box_of_statues, david_vaults_3
D:14:     lightli_minifort
D:15:     grunt_enter_depths_snipers, nicolae_trove_entry_free_sample,
          bh_walls_and_bars, gammafunk_ghost_spectres
Temple:   compressed_dpeg_triangle_lava_temple
Lair:1:   serial_bayou_shore_a
Lair:2:   elwin_shoals_entry_rocks, grunt_megastairs_3,
          infiniplex_staircase_pool
Lair:3:   minmay_snake_entry_guardpost_small, st_stairs_9, grunt_megastairs_1,
          serial_bayou_shore_b, uniq_fannar
Lair:4:   serial_rivers, chequers_serial_rivers_micro_b,
          chequers_serial_rivers_small_a, chequers_serial_rivers_micro_c,
          chequers_serial_rivers_large_a, chequers_serial_rivers_micro_b,
          chequers_serial_rivers_small_3
Lair:5:   eino_house_with_fridge, grunt_megastairs_5
Lair:6:   gammafunk_lair_ancient_temple, minmay_slime_entry_oklob_enclosed
Shoals:2: nicolae_shoals_c_island, uniq_ilsuiw
Shoals:3: ebering_ghost_inner_flame
Shoals:4: shoals_end_simple, abandoned_shop
Snake:1:  ebering_ghost_xom
Snake:2:  grunt_ministairs_14
Snake:3:  serial_shops, shop, st_stairs_8, hangedman_venom_bottle
Snake:4:  snake_pit
Slime:1:  cheibrodos_slime_lost_civilization_4
Orc:1:    orc_temple, serial_shops, nicolae_shop_waterfront
Orc:2:    st_orc_pillars
Elf:1:    minmay_elf_arrival_summoners, hangedman_elf_represent, uniq_louise
Elf:2:    serial_shops, shop
Elf:3:    minmay_elf_hall_statues, serial_shops, shop_statue, solitary_fountain
Vaults:1: gammafunk_vaults_ghost_cemetery, vaults_room_ringed_pool,
          hangedman_vaults_impose, nicolae_vaults_fighting_squares, v_misc_22,
          v_misc_1, hangedman_vaults_cutoff, nicolae_vaults_little_squares_3,
          v_alt_pattern_4, hangedman_vaults_cutoff, grunt_vaults_funnel,
          vaults_room_hallway, serial_shops, nicolae_shop_waterfront, shop
Vaults:2: minmay_crypt_entry_simple_corners, hangedman_vaults_slither,
          nicolae_vaults_what_the_h, v_pattern_5, vaults_dpeg_ring,
          hangedman_vaults_capsules, vaults_room_stairs_pillars,
          vaults_room_semicircle, uniq_jory, uniq_sojobo
Vaults:3: nicolae_vaults_network_star, st_cells, vaults_mumra_lcd,
          ontoclasm_vaults_pinch, nicolae_vaults_mini_display_case,
          vaults_room_door_hall, grunt_vaults_hallway_long,
          nicolae_vaults_ring_of_whatevers
Vaults:4: hangedman_vaults_stretched_pinwheel, v_misc_22, v_misc_29,
          vaults_mumra_hex, grunt_vaults_hallway_long, nicolae_vaults_meeting,
          nicolae_vaults_asterisk, v_misc_2, nicolae_vaults_little_squares_4,
          v_misc_2, uniq_saint_roka
Vaults:5: uniq_mennas, uniq_frederick
Crypt:1:  uniq_boris
Crypt:2:  basic_altar
Crypt:3:  lightli_unholy_cathedral, tomb_entry_forgotten_bobbens,
          nicolae_crypt_twisting_catacombs
Depths:1: minmay_strange_pillars, hell_entry, lemuel_old_faithful,
          minmay_shop_star
Depths:2: radiant_caverns_b_rkd, hell_entry
Depths:3: minmay_the_grid_octo_tiled_squarecenter, abyss_entry, hell_entry,
          serial_shops, shop, pan_entry, serial_sigils_hangedman_quiver,
          serial_sigils_hangedman_clutch, minmay_staircase_bubble,
          serial_bayou_shore_b
Depths:4: cheibrodos_witchhunters_guild, minmay_misc_feat_room, hell_entry,
          hangedman_abyss_entry_splay, st_stairs_7,
          infiniplex_staircase_zigzag_1, minmay_shoptagon
Depths:5: grunt_zot_entry_funnels, enter_ziggurat_d, hell_entry,
          nicolae_twisting_strands, abyss_entry_flame_altar,
          grunt_decor_resistance
Zot:2:    gammafunk_mikee_crab_dinner, grunt_ministairs_6
Zot:3:    evilmike_crystal_ball_defense, lemuel_lich_library
Zot:4:    st_stairs_7, amethyst_zot_foddershock
Trove:    trove_books_scrolls

Skill      XL: |  1  2  3  4  5  6  7  8  9 10 11 12 13 14 15 16 17 18 19 20 21 22 23 24 25 26 27 |
---------------+----------------------------------------------------------------------------------+-----
Slings         | 3 4 5 6 7 9 10 11 12 13 14 | 14.0
Hexes          | 4 5 6 7 8 9 10 11 12 13 14 | 14.0
Spellcasting   | 2 3 4 5 6 7 8 9 10 11 12 21 | 21.0
Shields        | 2 4 6 9 13 15 19 | 19.7
Invocations    | 1 3 5 6 7 |  7.0
Fighting       | 2 3 4 6 7 8 9 10 11 13 14 15 17 18 19 20 21 26 | 26.6
Armour         | 2 4 6 8 9 10 | 10.0
Translocations | 3 4 |  4.0
Earth Magic    | 5 9 10 | 10.1
Necromancy     | 4 8 9 |  9.0
Air Magic      | 2 3 |  3.2
Axes           | 7 11 14 15 17 18 19 20 22 | 22.0
Transmutations | 9 13 | 13.5
Dodging        | 2 7 10 14 | 14.0
Summonings     | 5 |  5.0

Action                   |  1- 3 |  4- 6 |  7- 9 | 10-12 | 13-15 | 16-18 | 19-21 | 22-24 | 25-27 || total
-------------------------+-------+-------+-------+-------+-------+-------+-------+-------+-------++-------
Melee: Dagger            |       |    35 |    19 |    81 |       |       |       |       |       ||   135
       Broad axe         |       |       |       |       |       |       |   539 |   695 |    72 ||  1306
       Battleaxe         |       |       |       |       |       |       |       |    55 |   224 ||   279
       Executioner's axe |       |       |       |       |       |       |       |       |  1574 ||  1574
       Punch             |       |       |       |       |       |       |       |       |     3 ||     3
       Fustibalus        |       |       |       |       |       |       |       |       |     1 ||     1
 Fire: Hunting sling     |    70 |   182 |   528 |   291 |       |       |       |       |       ||  1071
       Fustibalus        |       |       |       |   609 |  1468 |  1990 |   697 |  1342 |  1791 ||  7897
Throw: Stone             |       |       |       |       |       |       |       |       |    18 ||    18
 Cast: Corona            |    28 |    51 |    71 |    53 |       |       |       |       |       ||   203
       Slow              |       |     1 |    22 |    49 |    32 |    97 |     1 |       |       ||   202
       Portal Projectile |       |       |       |     5 |    64 |    39 |    72 |   123 |   177 ||   480
       Cause Fear        |       |       |       |     1 |    19 |    28 |     4 |    10 |    11 ||    73
       Silence           |       |       |       |       |       |     7 |    13 |    13 |    11 ||    44
       Borgnjor's Vile C |       |       |       |       |       |    15 |     5 |    20 |   114 ||   154
       Confuse           |       |       |       |       |       |       |     9 |     5 |     3 ||    17
       Regeneration      |       |       |       |       |       |       |       |     3 |   251 ||   254
       Statue Form       |       |       |       |       |       |       |       |     7 |    82 ||    89
       Inner Flame       |       |       |       |       |       |       |       |       |    51 ||    51
       Apportation       |       |       |       |       |       |       |       |       |    71 ||    71
       Invisibility      |       |       |       |       |       |       |       |       |     3 ||     3
Invok: Heroism           |       |       |    11 |    15 |    11 |     6 |    19 |    11 |    45 ||   118
       Finesse           |       |       |       |       |     1 |     1 |     2 |     3 |     8 ||    15
 Abil: Dig               |       |     1 |     2 |     8 |     9 |     5 |     9 |     8 |     2 ||    44
       Shaft Self        |       |       |     1 |     2 |       |       |       |     1 |       ||     4
  Use: Scroll            |     4 |     3 |    14 |     8 |    10 |     4 |     4 |     9 |    26 ||    82
       Potion            |       |       |       |       |     3 |     3 |     2 |       |    12 ||    20
 Stab: Invisible         |       |       |       |       |       |       |     2 |       |    22 ||    24
       Distracted        |       |       |       |       |       |       |       |       |     2 ||     2
       Confused          |       |       |       |       |       |       |       |       |     1 ||     1
  Eat: Chunk             |     1 |    10 |    12 |    23 |    29 |    17 |    17 |    38 |    46 ||   193
       Ration            |       |       |     2 |     2 |     3 |     9 |     5 |     5 |    19 ||    45
Armor: Ring mail         |     3 |    68 |    75 |       |       |       |       |       |       ||   146
       Robe              |     1 |       |       |       |       |       |       |       |       ||     1
       Scale mail        |       |       |     4 |    51 |       |       |       |       |       ||    55
       Acid dragon scale |       |       |       |    49 |   135 |   135 |    64 |       |       ||   383
       Quicksilver drago |       |       |       |       |       |       |    51 |   199 |   298 ||   548
       Skin              |       |       |       |       |       |       |       |    29 |   860 ||   889
Dodge: Dodged            |    14 |    83 |   133 |   108 |   136 |   140 |   127 |   230 |  2193 ||  3164
Block: Buckler           |       |    21 |    35 |    43 |       |       |       |       |       ||    99
       Shield            |       |       |       |   150 |   311 |   233 |       |       |       ||   694
       Reflection        |       |       |       |    17 |    15 |    93 |    46 |    30 |    85 ||   286
       Large shield      |       |       |       |       |       |   210 |   598 |   866 |  2826 ||  4500

Table legend:
 A = Non-vault XP
 B = Vault XP
 C = Vault XP percentage of total XP
 D = Non-vault monster count
 E = Vault monster count
 F = Vault count percentage of total count
                 A         B        C        D         E       F
            +---------+---------+-------+---------+---------+-------
      Total |  926927 |  936159 |  50.2 |    1650 |     969 |  37.0
            +---------+---------+-------+---------+---------+-------
        D:1 |      20 |       4 |  16.7 |      15 |       4 |  21.1
        D:2 |      66 |       0 |   0.0 |      18 |       0 |   0.0
        D:3 |     262 |       0 |   0.0 |      28 |       0 |   0.0
        D:4 |     130 |       0 |   0.0 |      10 |       0 |   0.0
        D:5 |     559 |      99 |  15.0 |      17 |       1 |   5.6
        D:6 |     683 |      25 |   3.5 |      19 |       5 |  20.8
        D:7 |    1278 |    1735 |  57.6 |      15 |       3 |  16.7
        D:8 |    1511 |       0 |   0.0 |      25 |       0 |   0.0
        D:9 |    2969 |    5339 |  64.3 |      28 |      15 |  34.9
       D:10 |    2549 |     210 |   7.6 |      42 |      17 |  28.8
       D:11 |    1184 |     999 |  45.8 |      21 |       8 |  27.6
       D:12 |    3937 |    6570 |  62.5 |      24 |      13 |  35.1
       D:13 |    7626 |   10440 |  57.8 |      21 |      32 |  60.4
       D:14 |   15667 |    1311 |   7.7 |      34 |       4 |  10.5
       D:15 |   24469 |    6043 |  19.8 |      48 |      11 |  18.6
     Lair:1 |    3000 |       0 |   0.0 |      17 |       0 |   0.0
     Lair:2 |    3608 |     552 |  13.3 |      20 |       3 |  13.0
     Lair:3 |    4642 |    2351 |  33.6 |      22 |       6 |  21.4
     Lair:4 |    8427 |     145 |   1.7 |      30 |       1 |   3.2
     Lair:5 |    4749 |    1485 |  23.8 |      17 |      14 |  45.2
     Lair:6 |    8530 |   10383 |  54.9 |      20 |      27 |  57.4
   Shoals:1 |   25194 |       0 |   0.0 |      51 |       0 |   0.0
   Shoals:2 |   18155 |    5568 |  23.5 |      32 |       5 |  13.5
   Shoals:3 |    8176 |    3021 |  27.0 |      16 |       2 |  11.1
   Shoals:4 |   10540 |   16251 |  60.7 |      23 |      29 |  55.8
    Snake:1 |   13451 |    2568 |  16.0 |      30 |       2 |   6.2
    Snake:2 |    4671 |    1007 |  17.7 |      12 |       2 |  14.3
    Snake:3 |   22713 |    1777 |   7.3 |      46 |       2 |   4.2
    Snake:4 |   20564 |   30579 |  59.8 |      45 |      44 |  49.4
    Slime:1 |    3309 |       0 |   0.0 |       6 |       0 |   0.0
    Slime:2 |   13569 |       0 |   0.0 |      16 |       0 |   0.0
    Slime:3 |   14774 |       0 |   0.0 |      16 |       0 |   0.0
    Slime:4 |   17391 |       0 |   0.0 |      41 |       0 |   0.0
    Slime:5 |    9310 |   34557 |  78.8 |      15 |      16 |  51.6
      Orc:1 |    4380 |    7084 |  61.8 |      52 |      29 |  35.8
      Orc:2 |    2104 |    8997 |  81.0 |      36 |      61 |  62.9
      Elf:1 |   15470 |   11934 |  43.5 |      27 |      16 |  37.2
      Elf:2 |   17303 |   21576 |  55.5 |      27 |      27 |  50.0
      Elf:3 |   18119 |   44838 |  71.2 |      29 |      27 |  48.2
   Vaults:1 |   18611 |   25135 |  57.5 |      40 |      27 |  40.3
   Vaults:2 |   34515 |   34802 |  50.2 |      63 |      39 |  38.2
   Vaults:3 |   37801 |   18722 |  33.1 |      54 |      22 |  28.9
   Vaults:4 |   34183 |   52608 |  60.6 |      42 |      64 |  60.4
   Vaults:5 |   38927 |  133230 |  77.4 |      55 |      84 |  60.4
    Crypt:1 |   27018 |    5629 |  17.2 |      42 |       1 |   2.3
    Crypt:2 |   19303 |       0 |   0.0 |      35 |       0 |   0.0
    Crypt:3 |   17519 |   46406 |  72.6 |      29 |      32 |  52.5
   Depths:1 |   42427 |       0 |   0.0 |      46 |       0 |   0.0
   Depths:2 |    6693 |   63514 |  90.5 |       5 |      99 |  95.2
   Depths:3 |   30742 |   32287 |  51.2 |      42 |      30 |  41.7
   Depths:4 |   34480 |   41656 |  54.7 |      40 |      36 |  47.4
   Depths:5 |   28351 |   24729 |  46.6 |      18 |      17 |  48.6
      Zot:1 |   41032 |       0 |   0.0 |      25 |       0 |   0.0
      Zot:2 |   48439 |   18081 |  27.2 |      32 |      14 |  30.4
      Zot:3 |   44290 |   33158 |  42.8 |      23 |      39 |  62.9
      Zot:4 |   65776 |   20624 |  23.9 |      36 |       9 |  20.0
      Zot:5 |   21761 |  148130 |  87.2 |      12 |      30 |  71.4
            +---------+---------+-------+---------+---------+-------
